 Dungeon Crawl Stone Soup version 0.29-a0-92-gee772dd00f (webtiles) character file.

Game seed: 15944724329274442194

88 cyrus the Covered (level 4, -3/35 HPs)
             Began as a Djinni Fighter on Feb 10, 2022.
             Slain by a gnoll (10 damage)
             ... on level 2 of the Dungeon.
             The game lasted 00:04:34 (2121 turns).

cyrus the Covered (Djinni Fighter)                  Turns: 2121, Time: 00:04:35

Health: -3/35      AC:  6    Str: 15    XL:     4   Next: 81%
Gold:   50         EV:  9    Int: 11    God:
                   SH:  5    Dex: 13

rFire   + + .      SeeInvis .   j - +0 dagger (elec)
rCold   x . .      Faith    .   b - +0 buckler
rNeg    . . .      Spirit   .   a - +0 scale mail
rPois   ∞          Reflect  .   (no helmet)
rElec   .          Harm     .   (no cloak)
rCorr   .          Rampage  .   (no gloves)
Will    .....                   (boots unavailable)
Stlth   ..........              (no amulet)
HPRegen 0.11/turn               (no ring)
MPRegen 0.00/turn               (no ring)

@: mighty, flying
A: sickness immunity, fire resistance 2, cold vulnerability 1, float, innate
caster, HP casting, extra vitality 1
a: no special abilities


You were on level 2 of the Dungeon.
You visited 1 branch of the dungeon, and saw 2 of its levels.

You collected 50 gold pieces.

Inventory:

Hand Weapons
 j - a +0 dagger of electrocution (weapon)
Missiles
 i - 2 boomerangs (quivered)
Armour
 a - a +0 scale mail (worn)
 b - a +0 buckler (worn)
Magical Staves
 f - a staff of conjuration
Scrolls
 d - a scroll of teleportation {unknown}
 e - a scroll of identify {unknown}
 g - a scroll of enchant armour {unknown}
Potions
 h - 2 potions of heal wounds {unknown}


   Skills:
 + Level 3.2 Fighting
 + Level 0.1 Short Blades
 + Level 0.5 Staves
 + Level 3.6 Armour
 + Level 1.7 Dodging
 + Level 0.1 Stealth
 + Level 3.4 Shields
 + Level 2.5 Unarmed Combat


You had 2 spell levels left.
You knew the following spells:

 Your Spells              Type           Power      Damage    Failure   Level
a - Beastly Appendage     Tmut           0%         N/A       86%         1
Your spell library was empty.

Dungeon Overview and Level Annotations

Branches:
Dungeon (2/15)

Altars:


Innate Abilities, Weirdness & Mutations

You are immune to sickness and miasma.
You are immune to poison.
Your flesh is very heat resistant. (rF++)
You are vulnerable to cold. (rC-)
You float through the air rather than walking.
You learn spells naturally, not from books.
Your magical power is your life essence.
You have superior vitality. (+4 MHP)


Message History

You puncture the goblin!
You kill the goblin!
The gnoll hits you from afar with a +0 halberd!
The gnoll hits you but does no damage. x2
Things that are here:
a +0 club; a goblin corpse You hit the gnoll.
Lightning courses through the gnoll!!
You kill the gnoll!
The gnoll hits you from afar with a +0 halberd.
The gnoll hits you with a +0 halberd.
Things that are here:
a +0 halberd; a gnoll corpse You closely miss the gnoll.
The gnoll hits you with a +0 halberd!
You barely miss the gnoll. The gnoll hits you with a +0 halberd.
* * * LOW HITPOINT WARNING * * *
You barely miss the gnoll. The gnoll hits you with a +0 halberd.
* * * LOW HITPOINT WARNING * * *
Things that are here:
a +0 club; a goblin corpse You barely miss the gnoll.
The gnoll hits you with a +0 whip.
* * * LOW HITPOINT WARNING * * *
You puncture the gnoll! Lightning courses through the gnoll!
You kill the gnoll!
The gnoll closely misses you. You block the gnoll's attack.
You block the gnoll's attack.
You puncture the gnoll!
The gnoll is almost dead.
The gnoll hits you but does no damage.
Things that are here:
a +0 dagger; a +2 robe of positive energy The gnoll barely misses you.
You puncture the gnoll!
You kill the gnoll!
You block the gnoll's attack.
You puncture the gnoll!
The gnoll is heavily wounded.
The gnoll hits you but does no damage.
The gnoll hits you from afar with a +0 halberd!
You die...

#.# #.# #.# #.#
#.# #.# #.# #.#
#.# #.# #.# #g#
#.# #.# #.# #@#
############.###.#
#................#
#.##########.#####
#.# #.# #.# #.#
#.# #.# #.# #.#
#.# #.#


You could see a gnoll.

Vanquished Creatures
  Jessica (D:2)
  3 gnolls (D:2)
  An adder (D:2)
  2 ball pythons (D:1)
  2 endoplasms (D:1)
  3 giant cockroaches
  A goblin (D:2)
  A hobgoblin (D:2)
  A quokka (D:1)
  2 bats (D:1)
  A frilled lizard (D:1)
  7 kobolds
  A rat (D:1)
26 creatures vanquished.

Notes
Turn   | Place    | Note
-------+----------+-------------------------------------------
     0 | D:1      | cyrus the Djinni Fighter began the quest for the Orb.
     0 | D:1      | Reached XP level 1. HP: 20/20 MP: 0/0
   378 | D:1      | Reached XP level 2. HP: 20/25 MP: 0/0
  1820 | D:2      | Reached XP level 3. HP: 30/30 MP: 0/0
  1820 | D:2      | Learned a level 1 spell: Beastly Appendage
  1960 | D:2      | Noticed Jessica
  1968 | D:2      | Reached skill level 1 in Dodging
  1971 | D:2      | Killed Jessica
  1972 | D:2      | Reached XP level 4. HP: 24/35 MP: 0/0
  2121 | D:2      | Slain by a gnoll

Illustrated notes

Levels and vault maps discovered:
D:1:      amcnicky_arrival_gap_in_the_tavern_cellar, layout_basic,
          chequers_serial_rivers_micro_e, due_unseen_surprise
D:2:      minmay_chambers_of_twos, layout_basic, uniq_jessica

Skill      XL: |  1  2  3 |
---------------+----------+-----
Dodging        | 1 |  1.7
Fighting       | |  3.2
Short Blades   | |  0.1
Staves         | |  0.5
Armour         | |  3.6
Stealth        | |  0.1
Shields        | |  3.4
Unarmed Combat | |  2.5

Action                   |  1- 3 |  4- 6 || total
-------------------------+-------+-------++-------
Melee: Unarmed           |    42 |       ||    42
       Staff             |    34 |       ||    34
       Dagger            |    12 |    17 ||    29
  Use: Potion            |     1 |     1 ||     2
Armor: Scale mail        |    54 |     8 ||    62
Dodge: Dodged            |    52 |    11 ||    63
Block: Buckler           |    25 |     6 ||    31

Table legend: (Time is in decaauts)
 A = Elapsed time spent in this place.
 B = Non-inter-level travel time spent in this place.
 C = Inter-level travel time spent in this place.
 D = Time resting spent in this place.
 E = Time spent auto-exploring this place.
 F = Levels seen in this place.
 G = Mean time per level.
                   A        B        C        D        E       F      G
               +--------+--------+--------+--------+--------+-----+--------+
         Total |   2129 |   2129 |      0 |      0 |   1637 |   2 | 1064.5 |
       Dungeon |   2129 |   2129 |      0 |      0 |   1637 |   2 | 1064.5 |
               +--------+--------+--------+--------+--------+-----+--------+

Top non-repeatable levels by time:
     D:1: 1356 daAuts
     D:2: 773 daAuts
